 Dungeon Crawl Stone Soup version 0.28-a0-1199-gef9e1dbd39 (webtiles) character file.

Game seed: 9111307471410791413

48920 Conn the Thaumaturge (level 14, 0/79 HPs)
             Began as an Octopode Fire Elementalist on Dec 19, 2021.
             Was a High Priest of Sif Muna.
             Engulfed by a cloud of flame (13 damage)
             ... in a volcano.
             The game lasted 01:47:58 (29257 turns).

Conn the Thaumaturge (Octopode Fire Elementalist)  Turns: 29257, Time: 01:47:58

Health: 0/79       AC:  9    Str: 11      XL:     14   Next: 48%
Magic:  37/39      EV: 18    Int: 27 (28) God:    Sif Muna [*****.]
Gold:   727        SH: 12    Dex: 17 (19) Spells: 3/38 levels left

rFire   + . .      SeeInvis .   t - +5 dagger (vorpal)
rCold   . . .      Faith    .   A - +1 buckler
rNeg    . . .      Spirit   .   (helmet restricted)
rPois   +          Reflect  +   R - amulet of reflection
rElec   +          Harm     .   i - +4 ring of evasion
rCorr   +          Rampage  .   K - ring of wizardry
Will    ++...                   L - +4 ring of protection
Stlth   ++++......              N - +6 ring of intelligence
HPRegen 0.23/turn               q - +6 ring of dexterity
MPRegen 0.26/turn               u - ring "Plog" {rPois rC- MP+9 AC+4 Str+4}
                                (no ring)
                                (no ring)

@: resistant
A: almost no armour, amphibious, 8 rings, camouflage 1, gelatinous body 1,
(nimble swimmer 1), tentacles, strong-willed 1
a: Renounce Religion, Channel Magic, Forget Spell, Divine Exegesis


You were in a volcano.
You worshipped Sif Muna.
Sif Muna was extremely pleased with you.
You visited 5 branches of the dungeon, and saw 21 of its levels.
You also visited: Volcano.

You collected 2129 gold pieces.
You spent 1402 gold pieces at shops.

Inventory:

Hand Weapons
 a - the +3 falchion of Elly {freeze, Int+3}
   (You found it on level 6 of the Dungeon)

   It freezes those it strikes, dealing additional cold damage.
   It can also slow down cold-blooded creatures.
   Int:       It affects your intelligence (+3).
 e - a +0 dagger
 t - a +5 vorpal dagger (weapon)
Missiles
 l - 3 boomerangs of dispersal (quivered)
 J - 3 throwing nets
 Q - 7 curare-tipped darts
Armour
 A - a +1 buckler (worn)
 E - a +5 kite shield
Magical Staves
 b - a staff of fire
Jewellery
 i - a +4 ring of evasion (left tentacle)
 q - a +6 ring of dexterity (on tentacle)
 u - the ring "Plog" (on tentacle) {rPois rC- MP+9 AC+4 Str+4}
   (You bought it in a shop on level 3 of the Dungeon)

   [ring of protection]

   AC:        It affects your AC (+4).
   Str:       It affects your strength (+4).
   rC:        It makes you vulnerable to cold.
   rPois:     It protects you from poison.
   MP:        It affects your magic capacity (+9).
 K - a ring of wizardry (right tentacle)
 L - a +4 ring of protection (on tentacle)
 N - a +6 ring of intelligence (on tentacle)
 R - an amulet of reflection (around mantle)
Wands
 j - a wand of iceblast (8)
 n - a wand of polymorph (6)
 p - a wand of digging (10)
 B - a wand of charming (7)
 D - a wand of mindburst (24)
 H - a wand of paralysis (13)
 P - a wand of flame (10)
Scrolls
 m - 5 scrolls of identify
 y - a scroll of torment
 z - a scroll of magic mapping
 C - 2 scrolls of immolation
 G - a scroll of fear
 M - 5 scrolls of amnesia
 S - a scroll of summoning
 V - a scroll of teleportation
Potions
 c - 6 potions of attraction
 d - 4 potions of flight
 f - 2 potions of lignification
 g - 2 potions of brilliance
 h - 2 potions of haste
 k - 3 potions of might
 o - a potion of invisibility
 s - a potion of cancellation
 F - a potion of magic
 O - a potion of ambrosia
 T - 3 potions of mutation
Miscellaneous
 r - a condenser vane (inert)
 U - a phial of floods


   Skills:
 + Level 1.5 Fighting
 + Level 1.3 Short Blades
 + Level 2.0 Staves
 + Level 0.2 Throwing
 + Level 3.8 Dodging
 + Level 5.7 Stealth
 * Level 8.2 Shields
 + Level 12.6 Spellcasting
 * Level 10.7 Conjurations
 - Level 3.0 Hexes
 + Level 3.4 Summonings
 + Level 0.9 Translocations
 + Level 12.4 Fire Magic
 * Level 4.8 Ice Magic
 - Level 6.7 Invocations
 + Level 1.0 Evocations


You had 3 spell levels left.
You knew the following spells:

 Your Spells              Type           Power      Damage    Failure   Level
a - Foxfire               Conj/Fire      100%       2x1d9     1%          1
b - Conjure Flame         Conj/Fire      68%        6-21      1%          3
c - Inner Flame           Hex/Fire       56%        N/A       1%          3
d - Flame Wave            Conj/Fire      68%        2d10      1%          4
e - Scorch                Fire           100%       2d10      1%          2
f - Summon Guardian Gole  Hex/Summ       34%        N/A       1%          3
g - Orb of Destruction    Conj           33%        9d12      14%         7
h - Ozocubu's Armour      Ice            43%        N/A       1%          3
i - Fireball              Conj/Fire      34%        3d14      1%          5
j - Iskenderun's Mystic   Conj/Tloc      48%        2d11      1%          4

Your spell library contained the following spells:

 Spells                   Type           Power      Damage    Failure   Level
 Animate Skeleton         Necr           34%        N/A       1%          1
 Pain                     Necr           68%        1d7       1%          1
 Slow                     Hex            100%       N/A       1%          1
 Ensorcelled Hibernation  Hex/Ice        76%        N/A       1%          2
 Static Discharge         Conj/Air       46%        N/A       1%          2
 Call Canine Familiar     Summ           35%        N/A       1%          3
 Confusing Touch          Hex            33%        N/A       1%          3
 Dazzling Flash           Conj/Hex       100%       N/A       1%          3
 Portal Projectile        Hex/Tloc       54%        N/A       1%          3
 Tukima's Dance           Hex            33%        N/A       1%          3
 Gell's Gravitas          Tloc           22%        N/A       2%          3
 Lesser Beckoning         Tloc           22%        N/A       2%          3
 Teleport Other           Tloc           22%        N/A       2%          3
 Spider Form              Tmut/Pois      17%        N/A       4%          3
 Vampiric Draining        Necr           17%        2d7       4%          3
 Iskenderun's Battlesphe  Conj           66%        2d12      1%          5
 Irradiate                Conj/Tmut      23%        3d21      4%          5
 Lightning Bolt           Conj/Air       23%        1d38      4%          5
 Leda's Liquefaction      Hex/Erth       12%        N/A       7%          4
 Metabolic Englaciation   Hex/Ice        19%        N/A       8%          5
 Passage of Golubria      Tloc           22%        N/A       9%          4
 Silence                  Hex/Air        12%        N/A       19%         5
 Yara's Violent Unravell  Hex/Tmut       12%        3d7       19%         5
 Agony                    Necr           17%        N/A       32%         5
 Spellforged Servitor     Conj/Summ      26%        N/A       50%         7
 Simulacrum               Ice/Necr       15%        N/A       56%         6
 Dispersal                Tloc           11%        N/A       77%         6
 Disjunction              Tloc           11%        N/A       100%        8
 Maxwell's Capacitive Co  Air            8%         ∞         100%        8
 Chain Lightning          Conj/Air       23%        3d30      100%        9
 Fire Storm               Conj/Fire      34%        8d9       100%        9
 Shatter                  Erth           8%         3d10*     100%        9


Dungeon Overview and Level Annotations

Branches:
Dungeon (14/15)            Temple (1/1) D:4            Lair (3/6) D:11
 Spider (0/4) Lair:2          Orc (2/2) D:11            Elf (1/3) Orc:2
 Vaults (0/5) D:13        Volcano (1/1)
  Swamp: Lair:2-4    Shoals: Lair:2-4

Altars:
Ashenzari
Cheibriados
Dithmenos
Elyvilon
Fedhas
Gozag
Hepliaklqana
Kikubaaqudgha
Makhleb
Nemelex Xobeh
Okawaru
Qazlal
Ru
Sif Muna
Trog
Uskayaw
Vehumet
Wu Jian
Xom
Yredelemnul
Zin
The Shining One
Beogh

Shops:
D:3 =   D:6 =   Orc:2 !:[=(

Portals:
Trove: D:13 (give 7 scrolls of fog)

Annotations:
D:14 exclusion: ice statue


Innate Abilities, Weirdness & Mutations

You cannot wear most types of armour.
You are amphibious.
You can wear up to eight rings at the same time.
Your skin changes colour to match your surroundings (Stealth+).
Your rubbery body absorbs attacks. (AC +1, EV +1)
((You are camouflaged near water. (Stealth+)))
You have tentacles for arms and can constrict up to eight enemies at once.
You are strong-willed. (Will+)


Message History

Your guardian golem is engulfed in blazing flames.
Your guardian golem is engulfed in blazing flames.
Your guardian golem is engulfed in blazing flames.
Your guardian golem is destroyed!
Your guardian golem disappears in a puff of smoke!
You are engulfed in blazing flames.
* * * LOW HITPOINT WARNING * * *
You feel much better.
You are engulfed in blazing flames.
A fire vortex comes into view.
You are engulfed in blazing flames.
* * * LOW HITPOINT WARNING * * *
Unknown command.
There is an open door here.
You feel better.
There are monsters nearby!
Casting: Summon Guardian Golem (safe; 1% risk of failure)
Confirm with . or Enter, or press ? or * to list all spells.
A guardian golem appears, shielding your allies.
You are engulfed in blazing flames.
* * * LOW HITPOINT WARNING * * *
You feel much better.
You are engulfed in blazing flames.
* * * LOW HITPOINT WARNING * * *
A fire elemental comes into view.
Your guardian golem is engulfed in blazing flames.
Okay, then.
Unknown command.
Unknown command.
Unknown command.
You feel protected.
You are engulfed in blazing flames.
You resist.
* * * LOW HITPOINT WARNING * * *
Your guardian golem is engulfed in blazing flames.
You feel better.
You are engulfed in blazing flames.
You resist.
* * * LOW HITPOINT WARNING * * *
Your guardian golem is engulfed in blazing flames.
You feel better.
You are engulfed in blazing flames.
You resist.
* * * LOW HITPOINT WARNING * * *
Your guardian golem is engulfed in blazing flames.
You feel better.
You are engulfed in blazing flames.
You resist.
You die...

##○###'##
##.≈○v##.##
##.§≈○○###.##
#.≈≈○○○≈##..#
##.≈≈E○###)##
##.≈≈≈##.##
##.≈##.## ##9#.##
###@#'###
###○○###..###
###○○○○°##≈§..###
##..≈○○≈##≈≈≈≈≈..##
#.§≈≈v○≈##≈≈.≈≈≈≈.#
#.≈≈≈○○≈≈#≈≈.≈≈≈≈.#
##..○≈○≈≈#≈≈≈≈≈..##
###○○≈≈≈##≈≈..###
###..###..###


You could see a fire elemental, 2 fire vortices and a friendly guardian golem
(summoned).

Vanquished Creatures
  Agnes (D:14)
  Josephine (Orc:1)
  A vault guard (D:13)
  Erolcha (Orc:2)
  A hydra (Lair:1)
  A catoblepas (Lair:2)
  Erica (Orc:1)
  2 centaur warriors
  3 two-headed ogres
  3 death yaks (D:11)
  A tengu warrior (D:14)
  Sonja (Lair:1)
  2 lindwurms (Volcano)
  A manticore (D:13)
  An orb spider (shapeshifter) (D:14)
  An ugly thing (D:11)
  9 orc sorcerers (Orc:2)
  An oklob plant (Lair:2)
  4 cyclopes
  2 toenail golems (Volcano)
  A moth of wrath (shapeshifter) (D:14)
  2 black mambas
  2 molten gargoyles (Volcano)
  7 cane toads
  Maurice (D:11)
  4 gargoyles
  A cane toad (shapeshifter) (D:13)
  4 kobold demonologists
  2 komodo dragons
  2 efreet (Volcano)
  4 tengu conjurers
  A jumping spider (Lair:2)
  A polar bear (Lair:2)
  A wolf spider simulacrum (D:13)
  Prince Ribbit (Lair:3)
  3 trolls
  7 blink frogs
  10 slime creatures (D:14)
  2 hornets
  A shadow (D:11)
  3 wyverns (Lair:3)
  4 wraiths
  18 yaks
  2 vampires
  3 basilisks
  3 vampire mosquitoes (D:13)
  A steam dragon (D:8)
  3 fire elementals (Volcano)
  A warg (Orc:1)
  2 acid dragons
  9 water moccasins
  4 ice beasts
  9 orc warriors
  A hornet zombie (D:7)
  A sky beast (D:5)
  3 black bears
  2 necrophages
  11 ogres
  6 centaurs
  2 phantoms
  7 kobold brigands
  3 gnoll sergeants
  10 bullfrogs
  2 earth elementals (Volcano)
  A wyvern zombie (D:8)
  2 scorpions
  A wyvern skeleton (D:6)
  5 killer bees (D:9)
  2 howler monkeys
  3 centaur zombies
  3 jellies
  5 hounds
  12 orc priests
  A bullfrog skeleton (D:6)
  4 gnoll shamans
  Jessica (D:2)
  23 orc wizards
  An iguana (D:4)
  Natasha (twice) (D:2)
  2 hell rats (D:11)
  2 killer bee zombies
  A hound skeleton (D:5)
  A howler monkey zombie (D:6)
  29 gnolls
  9 adders
  3 river rats (D:11)
  A shadow imp (D:7)
  3 worms
  A dart slug (D:3)
  43 orcs
  A ball python (D:4)
  8 bats
  12 endoplasms
  4 giant cockroaches
  10 hobgoblins
  8 quokkas
  5 frilled lizards
  3 goblins (D:1)
  26 kobolds
  9 rats
452 creatures vanquished.

Vanquished Creatures (collateral kills)
  10 foxfires
10 creatures vanquished.

Vanquished Creatures (others)
  A hydra (Lair:1)
  A centaur warrior (D:13)
  A two-headed ogre (D:13)
  3 slime creatures (D:13)
  A steam dragon (D:10)
  2 fire vortices (Volcano)
  1657 foxfires
  16 fungi
  63 plants
1745 creatures vanquished.

Grand Total: 2207 creatures vanquished

Notes
Turn   | Place    | Note
-------+----------+-------------------------------------------
     0 | D:1      | Conn the Octopode Fire Elementalist began the quest for the
                  | Orb.
     0 | D:1      | Reached XP level 1. HP: 11/11 MP: 3/3
   220 | D:1      | Reached XP level 2. HP: 17/17 MP: 1/5
   654 | D:1      | Reached XP level 3. HP: 19/21 MP: 1/6
   884 | D:1      | Found a faded altar of an unknown god.
  1688 | D:2      | Reached XP level 4. HP: 26/27 MP: 4/7
  1716 | D:2      | Noticed Jessica
  1725 | D:2      | Killed Jessica
  1726 | D:2      | Reached skill level 1 in Short Blades
  1878 | D:2      | Noticed Natasha
  1884 | D:2      | Killed Natasha
  2036 | D:2      | Reached XP level 5. HP: 31/31 MP: 4/8
  2543 | D:2      | Noticed Natasha
  2547 | D:2      | Killed Natasha
  2705 | D:3      | Found Ojuinleu's Jewellery Emporium.
  3001 | D:3      | Noticed a black bear
  3027 | D:2      | Learned a level 3 spell: Conjure Flame
  3031 | D:2      | Learned a level 3 spell: Inner Flame
  3040 | D:2      | Learned a level 2 spell: Scorch
  3189 | D:3      | Reached XP level 6. HP: 37/37 MP: 7/10
  3476 | D:3      | Killed a black bear
  3984 | D:4      | Reached XP level 7. HP: 42/42 MP: 8/12
  4168 | D:4      | Found a staircase to the Ecumenical Temple.
  4178 | Temple   | Entered the Ecumenical Temple
  4507 | Temple   | Became a worshipper of Sif Muna the Loreminder
  4676 | D:4      | Learned a level 4 spell: Flame Wave
  4930 | D:5      | Entered Level 5 of the Dungeon
  5268 | D:5      | Noticed a hornet
  5278 | D:5      | Killed a hornet
  5279 | D:5      | Reached skill level 5 in Stealth
  5279 | D:5      | Reached skill level 5 in Fire Magic
  5279 | D:5      | Reached XP level 8. HP: 27/47 MP: 4/15
  5470 | D:5      | Reached skill level 5 in Spellcasting
  6295 | D:6      | Reached skill level 1 in Staves
  6664 | D:6      | Reached XP level 9. HP: 52/52 MP: 13/17
  6713 | D:6      | Reached skill level 5 in Conjurations
  6746 | D:6      | Found Jix Doici's Jewellery Boutique.
  6794 | D:6      | Reached skill level 1 in Hexes
  7370 | D:6      | Identified the +3 falchion of Elly {freeze, Int+3}
  8247 | D:7      | Reached * piety under Sif Muna
  9259 | D:7      | Learned a level 3 spell: Summon Guardian Golem
  9389 | D:3      | Bought a ring of wizardry for 330 gold pieces
 10026 | D:8      | Reached skill level 1 in Summonings
 10026 | D:8      | Reached XP level 10. HP: 57/57 MP: 2/21
 10067 | D:8      | Reached ** piety under Sif Muna
 10595 | D:8      | Reached skill level 1 in Invocations
 11758 | D:9      | Noticed a kobold demonologist
 11952 | D:9      | Noticed a centaur warrior
 12110 | D:9      | Killed a kobold demonologist
 12438 | D:3      | Bought an amulet of reflection for 330 gold pieces
 12607 | D:9      | Killed a centaur warrior
 12608 | D:9      | Reached skill level 1 in Shields
 12844 | D:9      | Reached *** piety under Sif Muna
 13053 | D:10     | Entered Level 10 of the Dungeon
 13156 | D:10     | Found a glowing silver altar of Zin.
 13161 | D:10     | Noticed a two-headed ogre
 13176 | D:10     | Killed a two-headed ogre
 13177 | D:10     | Found a transporter.
 13312 | D:10     | Found a transporter.
 13377 | D:10     | Noticed a gargoyle
 13384 | D:10     | Killed a gargoyle
 13385 | D:10     | Reached XP level 11. HP: 41/62 MP: 4/23
 13511 | D:10     | Found a transporter.
 13516 | D:10     | Found a transporter.
 13554 | D:10     | Found a transporter.
 13559 | D:10     | Found a transporter.
 13637 | D:10     | Learned a level 7 spell: Orb of Destruction
 13652 | D:11     | Noticed Maurice
 14090 | D:11     | Noticed a death yak
 14093 | D:11     | Noticed a death yak
 14105 | D:11     | Killed a death yak
 14111 | D:11     | Noticed a death yak
 14418 | D:11     | Noticed a two-headed ogre
 14425 | D:11     | Killed a two-headed ogre
 14426 | D:11     | Reached skill level 5 in Invocations
 14505 | D:11     | Killed a death yak
 14673 | D:11     | Noticed a cyan ugly thing
 14678 | D:11     | Killed a cyan ugly thing
 14993 | D:11     | Killed Maurice
 15115 | D:11     | Found a staircase to the Orcish Mines.
 15187 | D:11     | Found a staircase to the Lair.
 15569 | D:11     | Killed a death yak
 16038 | D:12     | Identified the +0 robe of the Raven {rElec rF++ rCorr
                  | Dex-4}
 16737 | D:12     | Reached XP level 12. HP: 67/67 MP: 19/25
 17059 | D:13     | Noticed a centaur warrior
 17065 | D:13     | Reached skill level 10 in Fire Magic
 17068 | D:13     | Killed a centaur warrior
 17077 | D:13     | Reached skill level 10 in Spellcasting
 17144 | D:13     | Reached skill level 5 in Shields
 17153 | D:13     | Noticed a two-headed ogre
 17169 | D:13     | Killed a two-headed ogre
 17577 | D:13     | Noticed a centaur warrior
 17588 | D:13     | Killed a centaur warrior
 17593 | D:13     | Noticed a vault guard
 17761 | D:13     | Noticed a two-headed ogre
 17770 | D:13     | Killed a two-headed ogre
 17898 | D:13     | Killed a vault guard
 18122 | D:13     | Found a portal to a secret trove of treasure.
 18400 | D:13     | Found a gate to the Vaults.
 18511 | D:13     | Learned a level 3 spell: Ozocubu's Armour
 18617 | D:13     | Gained mutation: You do not regenerate when monsters are
                  | visible. [potion of mutation]
 18618 | D:13     | Lost mutation: You do not regenerate when monsters are
                  | visible. [potion of mutation]
 18618 | D:13     | Gained mutation: You are strong-willed. (Will+) [potion of
                  | mutation]
 18872 | D:14     | Found a sparkling altar of Nemelex Xobeh.
 18897 | D:14     | Reached **** piety under Sif Muna
 19380 | D:14     | Noticed a tengu warrior
 19387 | D:14     | Killed a tengu warrior
 19388 | D:14     | Reached XP level 13. HP: 72/72 MP: 16/28
 19516 | D:14     | Identified the +0 robe of Purpose {rF+++ Will+ Regen+ SInv}
 20155 | D:14     | Noticed Agnes
 20167 | D:14     | Killed Agnes
 20168 | D:14     | Reached skill level 1 in Fighting
 21185 | Orc:1    | Entered Level 1 of the Orcish Mines
 21740 | Orc:2    | Entered Level 2 of the Orcish Mines
 21806 | Orc:2    | Reached skill level 1 in Ice Magic
 22011 | Orc:2    | Found a staircase to the Elven Halls.
 22014 | Orc:2    | Found Osuto's Armour Shop.
 22262 | D:3      | Bought the ring "Plog" {rPois rC- MP+9 AC+4 Str+4} for 742
                  | gold pieces
 22605 | Orc:1    | Noticed Erica
 22612 | Orc:1    | Noticed Josephine
 22614 | Orc:1    | Killed Erica
 22622 | Orc:1    | Killed Josephine
 23301 | Orc:2    | Reached ***** piety under Sif Muna
 23404 | Orc:2    | Found Hoakhlar's Jewellery Shoppe.
 23466 | Orc:2    | Found Peoroeku's Antique Weapon Emporium.
 23488 | Orc:2    | Found a radiant altar of Vehumet.
 23489 | Orc:2    | Noticed Erolcha
 23501 | Orc:2    | Killed Erolcha
 23768 | Orc:2    | Found an ancient bone altar of Kikubaaqudgha.
 23858 | Orc:2    | Reached skill level 10 in Conjurations
 23858 | Orc:2    | Reached skill level 1 in Evocations
 23887 | Orc:2    | Found Diyruam's Book Shoppe.
 23887 | Orc:2    | Found Bupnucoa's Distillery.
 24264 | Elf:1    | Entered Level 1 of the Elven Halls
 24529 | Lair:1   | Entered Level 1 of the Lair of Beasts
 24534 | Lair:1   | Received a gift from Sif Muna
 25302 | Lair:1   | Noticed Sonja
 25311 | Lair:1   | Killed Sonja
 25312 | Lair:1   | Reached XP level 14. HP: 79/79 MP: 24/30
 26049 | Lair:2   | Found a hole to the Spider Nest.
 26316 | Lair:2   | Found a sacrificial altar of Ru.
 27359 | Lair:3   | Noticed Prince Ribbit
 27366 | Lair:3   | Killed Prince Ribbit
 27470 | Lair:3   | Received a gift from Sif Muna
 27471 | Lair:3   | Got Sif Muna's Collected Works on Confrontation and Fire
                  | {god gift}
 27478 | Lair:3   | Learned a level 5 spell: Fireball
 27618 | Lair:3   | Learned a level 4 spell: Iskenderun's Mystic Blast
 27797 | Lair:3   | Found a dark tunnel.
 27802 | Volcano  | Entered a volcano
 29257 | Volcano  | Engulfed by a cloud of flame

Illustrated notes

Levels and vault maps discovered:
D:1:      dpeg_arrival_stonehenge_8_columns, layout_basic,
          dreamdust_ecumenical_altar_grove, serial_bayou_lagoon_b
D:2:      layout_basic, hangedman_feature_mirror, due_unseen_surprise,
          uniq_jessica, uniq_natasha
D:3:      layout_loops_ring, serial_shops, nicolae_diamond_shop
D:4:      layout_cave_pools, minmay_temple_entry_drinking_statues
D:5:      layout_basic, kennysheep_generic_room_13
D:6:      layout_basic, serial_shops, shop, kennysheep_diamond
D:7:      kb_forest_paths, layout_loops_ring, minmay_misc_feat_doors
D:8:      kennysheep_housing_project, layout_layer_cave
D:9:      layout_roguey, grunt_ministairs_2
D:10:     layout_rooms, zin_academy, serial_nicolae_subway,
          nicolae_sub_station_metal, nicolae_sub_station_crystal,
          nicolae_sub_station_stone
D:11:     layout_stronghold, dpeg_lair_monsters, orc_0_dummy,
          minmay_misc_feat_room, uniq_maurice
D:12:     layout_cave_pods
D:13:     layout_basic, david_vaults_5, nicolae_trove_entry_columns,
          nicolae_concentric_dashed_squares_wild
D:14:     layout_stronghold, nemelex_lonely_heart_becter,
          portal_ice_cave_entry_ice_statue_one, uniq_agnes
Temple:   mainiacjoe_temple_trianglar_array
Lair:1:   layout_cellular_growth, uniq_sonja
Lair:2:   layout_long_grid, spider_nest_entry_a, minmay_holes,
          lemuel_oklob_altar
Lair:3:   beast_lair_carwin_large_3, layout_regular_city, enter_volcano_4,
          uniq_prince_ribbit2, uniq_snorg
Orc:1:    layout_diamond_mine, uniq_josephine, uniq_erica
Orc:2:    kennysheep_orc_mage_school, layout_caves, basic_altar, serial_shops,
          nicolae_shop_waterfront
Elf:1:    eino_elf_arrival_shootout, layout_onion_city,
          kennysheep_underground_church, due_unseen_surprise
Volcano:  volcano_aerie

Skill      XL: |  1  2  3  4  5  6  7  8  9 10 11 12 13 14 |
---------------+-------------------------------------------+-----
Short Blades   | 1 |  1.3
Conjurations   | 2 3 4 5 7 8 10 | 10.7
Fire Magic     | 4 5 7 8 9 11 12 | 12.4
Stealth        | 4 5 |  5.7
Spellcasting   | 3 4 5 7 8 9 11 12 | 12.6
Staves         | 1 2 |  2.0
Hexes          | 1 2 3 |  3.0
Summonings     | 1 2 3 |  3.4
Invocations    | 3 6 |  6.7
Dodging        | 3 |  3.8
Shields        | 3 4 6 7 8 |  8.2
Fighting       | 1 |  1.5
Ice Magic      | 3 4 |  4.8
Evocations     | 1 |  1.0
Throwing       | |  0.2
Translocations | |  0.9

Action                   |  1- 3 |  4- 6 |  7- 9 | 10-12 | 13-15 || total
-------------------------+-------+-------+-------+-------+-------++-------
Melee: Unarmed           |     2 |       |       |       |       ||     2
       Dagger            |    28 |       |       |       |     4 ||    32
       Constrict         |     8 |     3 |     3 |     4 |     8 ||    26
       Tentacles         |     4 |       |     7 |     3 |    10 ||    24
       Staff             |       |     9 |    13 |    24 |    17 ||    63
       Falchion          |       |       |     2 |       |     5 ||     7
Throw: Boomerang         |       |       |       |     3 |       ||     3
 Cast: Foxfire           |    53 |    99 |   183 |   269 |   351 ||   955
       Conjure Flame     |       |     1 |     4 |     4 |     2 ||    11
       Scorch            |       |       |    46 |    90 |    75 ||   211
       Inner Flame       |       |       |    12 |    58 |    49 ||   119
       Flame Wave        |       |       |     2 |     3 |    15 ||    20
       Summon Guardian G |       |       |     1 |    31 |    22 ||    54
       Ozocubu's Armour  |       |       |       |       |     8 ||     8
       Iskenderun's Myst |       |       |       |       |    39 ||    39
       Orb of Destructio |       |       |       |       |     2 ||     2
Invok: Channel Magic     |       |       |       |     2 |     1 ||     3
Evoke: Wand              |       |     1 |       |     6 |     7 ||    14
       Condenser vane    |       |       |       |       |     1 ||     1
  Use: Scroll            |       |       |       |    28 |     6 ||    34
       Potion            |       |       |       |     8 |    13 ||    21
 Stab: Sleeping          |     1 |     1 |     2 |     1 |     3 ||     8
       Invisible         |       |       |       |     1 |       ||     1
Armor: Skin              |     4 |     1 |     2 |    26 |    17 ||    50
Dodge: Dodged            |    27 |    14 |    37 |    91 |    60 ||   229
Block: Other             |       |       |       |    20 |       ||    20
       Reflection        |       |       |       |     5 |     4 ||     9
       Kite shield       |       |       |       |       |    93 ||    93
       Buckler           |       |       |       |       |     3 ||     3

Table legend: (Time is in decaauts)
 A = Elapsed time spent in this place.
 B = Non-inter-level travel time spent in this place.
 C = Inter-level travel time spent in this place.
 D = Time resting spent in this place.
 E = Time spent auto-exploring this place.
 F = Levels seen in this place.
 G = Mean time per level.
                   A        B        C        D        E       F      G
               +--------+--------+--------+--------+--------+-----+--------+
         Total |  29264 |  27515 |   1749 |   4323 |  16662 |  22 | 1330.2 |
       Dungeon |  21251 |  19723 |   1528 |   2926 |  12393 |  14 | 1517.9 |
        Temple |    360 |    329 |     31 |      0 |    323 |   1 |  360.0 |
          Lair |   3275 |   3231 |     44 |    139 |   2276 |   3 | 1091.7 |
  Orcish Mines |   2914 |   2769 |    145 |    341 |   1640 |   2 | 1457.0 |
   Elven Halls |      9 |      9 |      0 |      0 |      0 |   1 |    9.0 |
       Volcano |   1452 |   1452 |      0 |    917 |     30 |   1 | 1452.0 |
               +--------+--------+--------+--------+--------+-----+--------+

Top non-repeatable levels by time:
     D:8: 2538 daAuts
    D:14: 2311 daAuts
    D:11: 1909 daAuts
   Orc:2: 1858 daAuts
     D:6: 1776 daAuts
    D:13: 1673 daAuts
     D:7: 1592 daAuts
     D:5: 1500 daAuts
     D:2: 1481 daAuts
 Volcano: 1452 daAuts
  Lair:2: 1381 daAuts
  Lair:1: 1342 daAuts
     D:3: 1257 daAuts
     D:1: 1257 daAuts
    D:12: 1237 daAuts
